 Dungeon Crawl Stone Soup version 0.13-a0-2116-g5cefd36 (webtiles) character file.

176 Kae the Firebug (level 4, -1/24 HPs)
             Began as a Tengu Fire Elementalist on June 27, 2013.
             Slain by an adder (2 damage)
             ... on Level 2 of the Dungeon.
             The game lasted 00:03:53 (2054 turns).

Kae the Firebug (Tengu Fire Elementalist)           Turns: 2054, Time: 00:03:54

HP  -1/24        AC  5     Str  8      XL: 4   Next: 21%
MP   0/8         EV 12     Int 16      God:
Gold 106         SH  0     Dex 15      Spells:  2 memorised,  3 levels left

Res.Fire  : . . .   See Invis. : .   (no weapon)
Res.Cold  : . . .   Warding    : .   a - +0 robe
Life Prot.: . . .   Conserve   : .   (no shield)
Res.Poison: .       Res.Corr.  : .   h - +2 elf wizard hat
Res.Elec. : .       Clarity    : .   s - +0 cloak
Sust.Abil.: . .     Spirit.Shd : .   (no gloves)
Res.Mut.  : .       Stasis     : .   (boots unavailable)
Res.Rott. : .       Flight     : .   (no amulet)
Saprovore : . . .                    (no ring)
                                     (no ring)

@: mildly poisoned, slightly resistant to hostile enchantments, fairly stealthy
A: beak, talons 3
a: no special abilities


You were on level 2 of the Dungeon.
You were very hungry.

You visited 1 branch of the dungeon, and saw 3 of its levels.

You collected 86 gold pieces.

Inventory:

Armour
 a - a +0 robe (worn)
 h - a +2 elven wizard hat (worn)
 s - a +0 cloak (worn)
Comestibles
 c - a bread ration
 i - an apple
 t - a choko
Scrolls
 d - a scroll of enchant weapon II {unknown}
 e - 2 scrolls of noise {unknown}
 f - 2 scrolls of remove curse {unknown}
 g - 2 scrolls of identify {unknown}
 j - a scroll of curse weapon {unknown}
 o - a scroll of amnesia {unknown}
 p - a scroll of fear {unknown}
 q - a scroll of magic mapping {unknown}
Potions
 k - 2 potions of curing {unknown}
 l - a potion of mutation {unknown}
 m - 2 potions of poison {unknown}
 n - a potion of brilliance {unknown}
Books
 b - a book of Flames

   Spells                             Type                      Level
   *Flame Tongue                      Conjuration/Fire             1
   *Throw Flame                       Conjuration/Fire             2
   Conjure Flame                      Conjuration/Fire             3
   Inner Flame                        Hexes/Fire                   3
   Sticky Flame                       Conjuration/Fire             4
   Fireball                           Conjuration/Fire             5


   Skills:
 - Level 2.1 Dodging
 - Level 2.0 Stealth
 + Level 1.6 Spellcasting
 * Level 2.8 Conjurations
 * Level 4.6 Fire Magic


You had 3 spell levels left.
You knew the following spells:

 Your Spells              Type           Power        Failure   Level  Hunger
a - Flame Tongue          Conj/Fire      ##...        6%          1    ##.....
b - Throw Flame           Conj/Fire      ##....       10%         2    ###....


Dungeon Overview and Level Annotations

Branches:
Dungeon (3/27)

Altars:


Innate Abilities, Weirdness & Mutations

You have a beak for a mouth.
You have claws for feet.


Message History

Aim: an adder The flame hits the adder.
The adder is lightly wounded.
You are feeling very hungry.
The adder bites you.
You are poisoned.
The adder poisons you! The adder bites you.
You hit the adder. Your kick misses the adder.
The adder is moderately wounded.
The adder closely misses you.
You miss the adder. Your kick misses the adder. You peck the adder.
The adder is heavily wounded.
The adder bites you.
* * * LOW HITPOINT WARNING * * *
You closely miss the adder.
The adder is heavily wounded.
The adder bites you.
* * * LOW HITPOINT WARNING * * *
The adder bites you.
You die...

###.##.>.##..%.....#
#..#...#.#.##.##.# #
###.###..#.##.##.# ##
##.#.#.#.##....# .##
##.##.........### #.##
##...#.#.#.#.....#
##.###......#..###..#.#
((#.........#.#.S.#.#.# ########
>.##.........##.@.##..# ##.......
..#.........%%#...#.#.###........
##.#.#.........###....##.........
#....##.(.####..#.#####....######
.........## #.#.## #...##
.#.###########.### #....######
...##..........# ##.........
...##.####.##### ######........
.#.##.####.# #....##.......


You could see an adder.

Vanquished Creatures
  An adder (D:2)
  3 giant geckos
  An ooze (D:2)
  2 orcs (D:3)
  5 giant cockroaches
  10 hobgoblins
  3 jackals (D:1)
  5 kobolds
  10 bats
  3 giant newts
  3 goblins (D:1)
  5 rats
51 creatures vanquished.

Vanquished Creatures (others)
  A kobold (D:2)
  A rat (D:1)
2 creatures vanquished.

Grand Total: 53 creatures vanquished

Notes
Turn   | Place    | Note
--------------------------------------------------------------
     0 | D:1      | Kae, the Tengu Fire Elementalist, began the quest for the Orb.
     0 | D:1      | Reached XP level 1. HP: 10/10 MP: 3/3
    72 | D:1      | Reached XP level 2. HP: 3/15 MP: 0/5
   221 | D:1      | Learned a level 2 spell: Throw Flame
   836 | D:1      | Reached skill level 4 in Fire Magic
   887 | D:1      | Reached XP level 3. HP: 19/19 MP: 5/7
  1813 | D:2      | Reached XP level 4. HP: 24/24 MP: 6/8
  2054 | D:2      | HP: 1/24 [adder (4)]
  2054 | D:2      | Slain by an adder

Action                   |  1- 3 |  4- 6 || total
-------------------------+-------+-------++-------
Melee: Unarmed           |    40 |     4 ||    44
 Cast: Flame Tongue      |    69 |    19 ||    88
